Workbook
Name TotalMonthlyExpenses: SUM(#REF!)
Name TotalMonthlyIncome: SUM(#REF!)

Sheet Specilaist 
A2: PROJECT ID: JACKSON MEMORIAL HOSPITAL ED EXPANSION AND RENOVATION | J2: CLIENT'S INFORMATION:
A3: ADDRESS: 1611 NW 12TH AVE. MIAMI, FL 33136 | J3: CONTACT:
J4: E-MAIL ADDRESS:
A5: SCOPE: Specialties | J5: PHONE NUMBER:
J6: Date: | K6: =TODAY() -> 46151
A7: ITEM # | B7: DESCRIPTION | C7: QUANTITY | D7: WASTAGE | E7: QTY W/WASTAGE | F7: UNIT | G7: MAT COST | H7: TOTAL MAT COST | I7: NO. OF LABORS | J7: TYPE OF LABOR | K7: PER HOUR LABOR WAGE | L7: LABOR FACTOR | M7: TOTAL LABOR HOURS | N7: TOTAL LABOR COST | O7: UNIT COST | P7: TOTAL COST | Q7: TRADE COST
B8: GENERAL REQUIREMENTS
A9: 1 | B9: Bid Includes one (1) full time Safety Manager on site for the duration of this Subcontractor’s work per Skanska Exhibit A | C9: 1 | D9: 0 | E9: =(1+D9)*C9 -> 1 | F9: LS | G9: 0 | H9: =G9*E9 -> 0 | I9: 1 | J9: CARP | K9: 65 | L9: 0 | M9: =L9*E9 -> 0 | N9: =M9*K9 -> 0 | O9: =(H9+N9)/E9 -> 0 | P9: =O9*E9 -> 0
A10: =IF(C10=0,"",1+MAX(A$9:A9)) -> 2 | B10: Field Superintendent | C10: 1 | D10: 0 | E10: =(1+D10)*C10 -> 1 | F10: LS | G10: 0 | H10: =G10*E10 -> 0 | I10: 1 | J10: CARP | K10: 65 | L10: 0 | M10: =L10*E10 -> 0 | N10: =M10*K10 -> 0 | O10: =(H10+N10)/E10 -> 0 | P10: =O10*E10 -> 0
A11: =IF(C11=0,"",1+MAX(A$9:A10)) -> 3 | B11: Bonds | C11: 1 | D11: 0 | E11: =(1+D11)*C11 -> 1 | F11: LS | G11: 0 | H11: =G11*E11 -> 0 | I11: 1 | J11: CARP | K11: 65 | L11: 0 | M11: =L11*E11 -> 0 | N11: =M11*K11 -> 0 | O11: =(H11+N11)/E11 -> 0 | P11: =O11*E11 -> 0
A12: =IF(C12=0,"",1+MAX(A$9:A11)) -> 4 | B12: Permitting | C12: 1 | D12: 0 | E12: =(1+D12)*C12 -> 1 | F12: LS | G12: 0 | H12: =G12*E12 -> 0 | I12: 1 | J12: CARP | K12: 65 | L12: 0 | M12: =L12*E12 -> 0 | N12: =M12*K12 -> 0 | O12: =(H12+N12)/E12 -> 0 | P12: =O12*E12 -> 0
A13: =IF(C13=0,"",1+MAX(A$9:A12)) -> 5 | B13: Mobilization Cost | C13: 1 | D13: 0 | E13: =(1+D13)*C13 -> 1 | F13: LS | G13: 0 | H13: =G13*E13 -> 0 | I13: 1 | J13: CARP | K13: 65 | L13: 0 | M13: =L13*E13 -> 0 | N13: =M13*K13 -> 0 | O13: =(H13+N13)/E13 -> 0 | P13: =O13*E13 -> 0
A14: =IF(C14=0,"",1+MAX(A$9:A13)) -> 6 | B14: Temp Fencing, Toilets, Utilities | C14: 1 | D14: 0 | E14: =(1+D14)*C14 -> 1 | F14: LS | G14: 0 | H14: =G14*E14 -> 0 | I14: 1 | J14: CARP | K14: 65 | L14: 0 | M14: =L14*E14 -> 0 | N14: =M14*K14 -> 0 | O14: =(H14+N14)/E14 -> 0 | P14: =O14*E14 -> 0
A15: =IF(C15=0,"",1+MAX(A$9:A14)) -> 7 | B15: Jobsite Signage, Trailer, Security | C15: 1 | D15: 0 | E15: =(1+D15)*C15 -> 1 | F15: LS | G15: 0 | H15: =G15*E15 -> 0 | I15: 1 | J15: CARP | K15: 65 | L15: 0 | M15: =L15*E15 -> 0 | N15: =M15*K15 -> 0 | O15: =(H15+N15)/E15 -> 0 | P15: =O15*E15 -> 0
A16: =IF(C16=0,"",1+MAX(A$9:A15)) -> 8 | B16: Dumpsters, Tools | C16: 1 | D16: 0 | E16: =(1+D16)*C16 -> 1 | F16: LS | G16: 0 | H16: =G16*E16 -> 0 | I16: 1 | J16: CARP | K16: 65 | L16: 0 | M16: =L16*E16 -> 0 | N16: =M16*K16 -> 0 | O16: =(H16+N16)/E16 -> 0 | P16: =O16*E16 -> 0
A17: =IF(C17=0,"",1+MAX(A$9:A16)) -> 9 | B17: Clean-up | C17: 1 | D17: 0 | E17: =(1+D17)*C17 -> 1 | F17: LS | G17: 0 | H17: =G17*E17 -> 0 | I17: 1 | J17: CARP | K17: 65 | L17: 0 | M17: =L17*E17 -> 0 | N17: =M17*K17 -> 0 | O17: =(H17+N17)/E17 -> 0 | P17: =O17*E17 -> 0
A18: =IF(C18=0,"",1+MAX(A$9:A17)) -> 10 | B18: Procore, Web Cameras | C18: 1 | D18: 0 | E18: =(1+D18)*C18 -> 1 | F18: LS | G18: 0 | H18: =G18*E18 -> 0 | I18: 1 | J18: CARP | K18: 65 | L18: 0 | M18: =L18*E18 -> 0 | N18: =M18*K18 -> 0 | O18: =(H18+N18)/E18 -> 0 | P18: =O18*E18 -> 0
A19: =IF(C19=0,"",1+MAX(A$9:A18)) | B19: Subtotal (General Requirements) | F19: TOTAL MAT COST: | H19: =SUM(H9:H18) -> 0 | M19: LABOR COST | N19: =SUM(N9:N18) -> 0 | Q19: =(SUM(P9:P19)) -> 0
B21: DIVISION 10- SPECIALIST
A22: =IF(C22=0,"",1+MAX(A$9:A21)) | B22: Specialities
B23: First Floor
A24: =IF(C24=0,"",1+MAX(A$9:A22)) -> 11 | B24: (A5) Paper Towel Dispenser | C24: 376 | D24: 0 | E24: =(1+D24)*C24 -> 376 | F24: EA | G24: 76 | H24: =G24*E24 -> 28576 | I24: 1 | J24: Clab | K24: 50 | L24: 0.5 | M24: =L24*E24 -> 188 | N24: =M24*K24 -> 9400 | O24: =(H24+N24)/E24 -> 101 | P24: =O24*E24 -> 37976
A25: =IF(C25=0,"",1+MAX(A$9:A24)) -> 12 | B25: (A6) Paper Towel Dispenser | C25: 3 | D25: 0 | E25: =(1+D25)*C25 -> 3 | F25: EA | G25: 65 | H25: =G25*E25 -> 195 | I25: 1 | J25: Clab | K25: 50 | L25: 0.5 | M25: =L25*E25 -> 1.5 | N25: =M25*K25 -> 75 | O25: =(H25+N25)/E25 -> 90 | P25: =O25*E25 -> 270
A26: =IF(C26=0,"",1+MAX(A$9:A25)) -> 13 | B26: (B11) Toilet Tissue Holder | C26: 3 | D26: 0 | E26: =(1+D26)*C26 -> 3 | F26: EA | G26: 68 | H26: =G26*E26 -> 204 | I26: 1 | J26: Clab | K26: 50 | L26: 0.5 | M26: =L26*E26 -> 1.5 | N26: =M26*K26 -> 75 | O26: =(H26+N26)/E26 -> 93 | P26: =O26*E26 -> 279
A27: =IF(C27=0,"",1+MAX(A$9:A26)) -> 14 | B27: (B6) Toilet Tissue Dispenser | C27: 134 | D27: 0 | E27: =(1+D27)*C27 -> 134 | F27: EA | G27: 79 | H27: =G27*E27 -> 10586 | I27: 1 | J27: Clab | K27: 50 | L27: 0.5 | M27: =L27*E27 -> 67 | N27: =M27*K27 -> 3350 | O27: =(H27+N27)/E27 -> 104 | P27: =O27*E27 -> 13936
A28: =IF(C28=0,"",1+MAX(A$9:A27)) -> 15 | B28: (J4) Soap Dispenser | C28: 377 | D28: 0 | E28: =(1+D28)*C28 -> 377 | F28: EA | G28: 74 | H28: =G28*E28 -> 27898 | I28: 1 | J28: Clab | K28: 50 | L28: 0.5 | M28: =L28*E28 -> 188.5 | N28: =M28*K28 -> 9425 | O28: =(H28+N28)/E28 -> 99 | P28: =O28*E28 -> 37323
A29: =IF(C29=0,"",1+MAX(A$9:A28)) -> 16 | B29: (J5) Soap Dispenser | C29: 3 | D29: 0 | E29: =(1+D29)*C29 -> 3 | F29: EA | G29: 74 | H29: =G29*E29 -> 222 | I29: 1 | J29: Clab | K29: 50 | L29: 0.5 | M29: =L29*E29 -> 1.5 | N29: =M29*K29 -> 75 | O29: =(H29+N29)/E29 -> 99 | P29: =O29*E29 -> 297
A30: =IF(C30=0,"",1+MAX(A$9:A29)) -> 17 | B30: Tag: TA-9 _x000D_ Description: 2'-2" X 3'-0" Tilt Mirror With SS Frame _x000D_ Manufacture: Bobrick _x000D_ Model: B-293-2436 | C30: 1 | D30: 0 | E30: =(1+D30)*C30 -> 1 | F30: EA | G30: 300 | H30: =G30*E30 -> 300 | I30: 1 | J30: Clab | K30: 50 | L30: 1.3 | M30: =L30*E30 -> 1.3 | N30: =M30*K30 -> 65 | O30: =(H30+N30)/E30 -> 365 | P30: =O30*E30 -> 365
A31: =IF(C31=0,"",1+MAX(A$9:A30)) -> 18 | B31: Tag: TA-8 _x000D_ Description: Coat Hook _x000D_ Manufacture: Bobrick _x000D_ Model: B-542 | C31: 1 | D31: 0 | E31: =(1+D31)*C31 -> 1 | F31: EA | G31: 16 | H31: =G31*E31 -> 16 | I31: 1 | J31: Clab | K31: 50 | L31: 0.23 | M31: =L31*E31 -> 0.23 | N31: =M31*K31 -> 11.5 | O31: =(H31+N31)/E31 -> 27.5 | P31: =O31*E31 -> 27.5
A32: =IF(C32=0,"",1+MAX(A$9:A31)) -> 19 | B32: Tag: TA-6 _x000D_ Description: Semi-Recessed Paper Towel Dispenser / Waste Receptacle _x000D_ Manufacture: Bobrick _x000D_ Model: B-3942 | C32: 5 | D32: 0 | E32: =(1+D32)*C32 -> 5 | F32: EA | G32: 145 | H32: =G32*E32 -> 725 | I32: 1 | J32: Clab | K32: 50 | L32: 0.5 | M32: =L32*E32 -> 2.5 | N32: =M32*K32 -> 125 | O32: =(H32+N32)/E32 -> 170 | P32: =O32*E32 -> 850
A33: =IF(C33=0,"",1+MAX(A$9:A32)) -> 20 | B33: Tag: TA-5 _x000D_ Description: Call-For-Assistance Kit _x000D_ Manufacture: Edwards Signals _x000D_ Model: 7008B-N5 | C33: 1 | D33: 0 | E33: =(1+D33)*C33 -> 1 | F33: EA | G33: 65 | H33: =G33*E33 -> 65 | I33: 1 | J33: Clab | K33: 50 | L33: 0.5 | M33: =L33*E33 -> 0.5 | N33: =M33*K33 -> 25 | O33: =(H33+N33)/E33 -> 90 | P33: =O33*E33 -> 90
A34: =IF(C34=0,"",1+MAX(A$9:A33)) -> 21 | B34: Tag: TA-4 _x000D_ Description: Toilet Tissue Dispenser & Waste _x000D_ Manufacture: Bobrick _x000D_ Model: B-3091 | C34: 2 | D34: 0 | E34: =(1+D34)*C34 -> 2 | F34: EA | G34: 95 | H34: =G34*E34 -> 190 | I34: 1 | J34: Clab | K34: 50 | L34: 0.5 | M34: =L34*E34 -> 1 | N34: =M34*K34 -> 50 | O34: =(H34+N34)/E34 -> 120 | P34: =O34*E34 -> 240
A35: =IF(C35=0,"",1+MAX(A$9:A34)) -> 22 | B35: Tag: TA-4 _x000D_ Description: Recessed Toilet Seat Cover _x000D_ Manufacture: Bobrick _x000D_ Model: B-3091 | C35: 1 | D35: 0 | E35: =(1+D35)*C35 -> 1 | F35: EA | G35: 109 | H35: =G35*E35 -> 109 | I35: 1 | J35: Clab | K35: 50 | L35: 0.5 | M35: =L35*E35 -> 0.5 | N35: =M35*K35 -> 25 | O35: =(H35+N35)/E35 -> 134 | P35: =O35*E35 -> 134
A36: =IF(C36=0,"",1+MAX(A$9:A35)) -> 23 | B36: Tag: TA-3 _x000D_ Description: Toilet Tissue Dispenser _x000D_ Manufacture: Bobrick _x000D_ Model: B-357 | C36: 7 | D36: 0 | E36: =(1+D36)*C36 -> 7 | F36: EA | G36: 65 | H36: =G36*E36 -> 455 | I36: 1 | J36: Clab | K36: 50 | L36: 0.5 | M36: =L36*E36 -> 3.5 | N36: =M36*K36 -> 175 | O36: =(H36+N36)/E36 -> 90 | P36: =O36*E36 -> 630
... A38: =IF(C38=0,"",1+MAX(A$9:A37)) -> 25 | B38: Tag: TA-3 _x000D_ Description: Partition Mounted Seat Cover _x000D_ Manufacture: Bobrick _x000D_ Model: B-357 | C38: 5 | D38: 0 | E38: =(1+D38)*C38 -> 5 | F38: EA | G38: 109 | H38: =G38*E38 -> 545 | I38: 1 | J38: Clab | K38: 50 | L38: 0.5 | M38: =L38*E38 -> 2.5 | N38: =M38*K38 -> 125 | O38: =(H38+N38)/E38 -> 134 | P38: =O38*E38 -> 670
A40: PROJECT ID: JACKSON MEMORIAL HOSPITAL ED EXPANSION AND RENOVATION | J40: CLIENT'S INFORMATION:
A41: ADDRESS: 1611 NW 12TH AVE. MIAMI, FL 33136 | J41: CONTACT:
J42: E-MAIL ADDRESS:
A43: SCOPE: Specialties | J43: PHONE NUMBER:
J44: Date: | K44: =TODAY() -> 46151
A45: ITEM # | B45: DESCRIPTION | C45: QUANTITY | D45: WASTAGE | E45: QTY W/WASTAGE | F45: UNIT | G45: MAT COST | H45: TOTAL MAT COST | I45: NO. OF LABORS | J45: TYPE OF LABOR | K45: PER HOUR LABOR WAGE | L45: LABOR FACTOR | M45: TOTAL LABOR HOURS | N45: TOTAL LABOR COST | O45: UNIT COST | P45: TOTAL COST | Q45: TRADE COST
B46: GENERAL REQUIREMENTS
A47: =IF(C47=0,"",1+MAX(A$9:A38)) -> 26 | B47: Tag: TA-19 _x000D_ Description: Baby Changing Station _x000D_ Manufacture: Koala Kare _x000D_ Model: KB 300-05 | C47: 1 | D47: 0 | E47: =(1+D47)*C47 -> 1 | F47: EA | G47: 290 | H47: =G47*E47 -> 290 | I47: 1 | J47: Clab | K47: 50 | L47: 0.5 | M47: =L47*E47 -> 0.5 | N47: =M47*K47 -> 25 | O47: =(H47+N47)/E47 -> 315 | P47: =O47*E47 -> 315
A48: =IF(C48=0,"",1+MAX(A$9:A47)) -> 27 | B48: Tag: TA-18 _x000D_ Description: Toilet Tissue Dispenser Manufacture: Bobrick _x000D_ Model: B-30919 | C48: 2 | D48: 0 | E48: =(1+D48)*C48 -> 2 | F48: EA | G48: 65 | H48: =G48*E48 -> 130 | I48: 1 | J48: Clab | K48: 50 | L48: 0.5 | M48: =L48*E48 -> 1 | N48: =M48*K48 -> 50 | O48: =(H48+N48)/E48 -> 90 | P48: =O48*E48 -> 180
A49: =IF(C49=0,"",1+MAX(A$9:A48)) -> 28 | B49: Tag: TA-18 _x000D_ Description: Surface Mounted Seat Cover_x000D_ Manufacture: Bobrick _x000D_ Model: B-30919 | C49: 2 | D49: 0 | E49: =(1+D49)*C49 -> 2 | F49: EA | G49: 109 | H49: =G49*E49 -> 218 | I49: 1 | J49: Clab | K49: 50 | L49: 0.5 | M49: =L49*E49 -> 1 | N49: =M49*K49 -> 50 | O49: =(H49+N49)/E49 -> 134 | P49: =O49*E49 -> 268
A50: =IF(C50=0,"",1+MAX(A$9:A49)) -> 29 | B50: Tag: TA-18 _x000D_ Description: Sanitary Napkin Dispenser _x000D_ Manufacture: Bobrick _x000D_ Model: B-30919 | C50: 2 | D50: 0 | E50: =(1+D50)*C50 -> 2 | F50: EA | G50: 75 | H50: =G50*E50 -> 150 | I50: 1 | J50: Clab | K50: 50 | L50: 0.5 | M50: =L50*E50 -> 1 | N50: =M50*K50 -> 50 | O50: =(H50+N50)/E50 -> 100 | P50: =O50*E50 -> 200
A51: =IF(C51=0,"",1+MAX(A$9:A50)) -> 30 | B51: Tag: TA-17 _x000D_ Description: Mirror With SS Frame _x000D_ Manufacture: Bobrick _x000D_ Model: B-165-2448 | C51: 2 | D51: 0 | E51: =(1+D51)*C51 -> 2 | F51: EA | G51: 290 | H51: =G51*E51 -> 580 | I51: 1 | J51: Clab | K51: 50 | L51: 1.3 | M51: =L51*E51 -> 2.6 | N51: =M51*K51 -> 130 | O51: =(H51+N51)/E51 -> 355 | P51: =O51*E51 -> 710
A52: =IF(C52=0,"",1+MAX(A$9:A51)) -> 31 | B52: Tag: TA-14 _x000D_ Description: 4'-10" X 5'-8" Mirror _x000D_ Manufacture: Bathroom Plate Mirror | C52: 2 | D52: 0 | E52: =(1+D52)*C52 -> 2 | F52: EA | G52: 350 | H52: =G52*E52 -> 700 | I52: 1 | J52: Clab | K52: 50 | L52: 1.3 | M52: =L52*E52 -> 2.6 | N52: =M52*K52 -> 130 | O52: =(H52+N52)/E52 -> 415 | P52: =O52*E52 -> 830
A53: =IF(C53=0,"",1+MAX(A$9:A52)) -> 32 | B53: Tag: TA-14 _x000D_ Description: 11'-10" X 6'-8" Mirror _x000D_ Manufacture: Bathroom Plate Mirror | C53: 2 | D53: 0 | E53: =(1+D53)*C53 -> 2 | F53: EA | G53: 480 | H53: =G53*E53 -> 960 | I53: 1 | J53: Clab | K53: 50 | L53: 1.3 | M53: =L53*E53 -> 2.6 | N53: =M53*K53 -> 130 | O53: =(H53+N53)/E53 -> 545 | P53: =O53*E53 -> 1090
A54: =IF(C54=0,"",1+MAX(A$9:A53)) -> 33 | B54: Tag: TA-13 _x000D_ Description: Dual Napkin / Tampon Vendor _x000D_ Manufacture: Bobrick _x000D_ Model: B-37063C | C54: 3 | D54: 0 | E54: =(1+D54)*C54 -> 3 | F54: EA | G54: 75 | H54: =G54*E54 -> 225 | I54: 1 | J54: Clab | K54: 50 | L54: 0.5 | M54: =L54*E54 -> 1.5 | N54: =M54*K54 -> 75 | O54: =(H54+N54)/E54 -> 100 | P54: =O54*E54 -> 300
A55: =IF(C55=0,"",1+MAX(A$9:A54)) -> 34 | B55: Tag: TA-12 _x000D_ Description: Soap Dispenser _x000D_ Manufacture: Sloan _x000D_ Model: ESD-200-CP | C55: 13 | D55: 0 | E55: =(1+D55)*C55 -> 13 | F55: EA | G55: 74 | H55: =G55*E55 -> 962 | I55: 1 | J55: Clab | K55: 50 | L55: 0.5 | M55: =L55*E55 -> 6.5 | N55: =M55*K55 -> 325 | O55: =(H55+N55)/E55 -> 99 | P55: =O55*E55 -> 1287
A56: =IF(C56=0,"",1+MAX(A$9:A55)) -> 35 | B56: Tag: TA-10 _x000D_ Description: Hand Dryer _x000D_ Manufacture: Dyson-Airblade V _x000D_ Model: AB12 Nickel -301827-01 | C56: 7 | D56: 0 | E56: =(1+D56)*C56 -> 7 | F56: EA | G56: 360 | H56: =G56*E56 -> 2520 | I56: 1 | J56: Clab | K56: 50 | L56: 1 | M56: =L56*E56 -> 7 | N56: =M56*K56 -> 350 | O56: =(H56+N56)/E56 -> 410 | P56: =O56*E56 -> 2870
A57: =IF(C57=0,"",1+MAX(A$9:A56)) -> 36 | B57: Tag: TA-1 _x000D_ Description: 42" Grab Bar _x000D_ Manufacture: Bobrick _x000D_ Model: B8506-42 / B5806-36 | C57: 5 | D57: 0 | E57: =(1+D57)*C57 -> 5 | F57: EA | G57: 74 | H57: =G57*E57 -> 370 | I57: 1 | J57: Clab | K57: 50 | L57: 0.5 | M57: =L57*E57 -> 2.5 | N57: =M57*K57 -> 125 | O57: =(H57+N57)/E57 -> 99 | P57: =O57*E57 -> 495
A58: =IF(C58=0,"",1+MAX(A$9:A57)) -> 37 | B58: Tag: TA-1 _x000D_ Description: 36" Grab Bar _x000D_ Manufacture: Bobrick _x000D_ Model: B8506-42 / B5806-36 | C58: 5 | D58: 0 | E58: =(1+D58)*C58 -> 5 | F58: EA | G58: 62 | H58: =G58*E58 -> 310 | I58: 1 | J58: Clab | K58: 50 | L58: 0.5 | M58: =L58*E58 -> 2.5 | N58: =M58*K58 -> 125 | O58: =(H58+N58)/E58 -> 87 | P58: =O58*E58 -> 435
A59: =IF(C59=0,"",1+MAX(A$9:A58)) -> 38 | B59: Tag: TA-1 _x000D_ Description: 18" Vertical Grab Bar _x000D_ Manufacture: Bobrick _x000D_ Model: B8506-42 / B5806-36 | C59: 6 | D59: 0 | E59: =(1+D59)*C59 -> 6 | F59: EA | G59: 50 | H59: =G59*E59 -> 300 | I59: 1 | J59: Clab | K59: 50 | L59: 0.5 | M59: =L59*E59 -> 3 | N59: =M59*K59 -> 150 | O59: =(H59+N59)/E59 -> 75 | P59: =O59*E59 -> 450
B60: Second Floor
A61: =IF(C61=0,"",1+MAX(A$9:A59)) -> 39 | B61: Tag: TA-9 _x000D_ Description: 2'-2" x 3'-0" Tilt Mirror With SS Frame _x000D_ Manufacture: Bobrick _x000D_ Model: B-293-2436 | C61: 4 | D61: 0 | E61: =(1+D61)*C61 -> 4 | F61: EA | G61: 240 | H61: =G61*E61 -> 960 | I61: 1 | J61: Clab | K61: 50 | L61: 1.3 | M61: =L61*E61 -> 5.2 | N61: =M61*K61 -> 260 | O61: =(H61+N61)/E61 -> 305 | P61: =O61*E61 -> 1220
A62: =IF(C62=0,"",1+MAX(A$9:A61)) -> 40 | B62: Tag: TA-6 _x000D_ Description: Semi-Recessed Paper Towel Dispenser / Waste Receptacle _x000D_ Manufacture: Bobrick _x000D_ Model: B-3942 | C62: 7 | D62: 0 | E62: =(1+D62)*C62 -> 7 | F62: EA | G62: 145 | H62: =G62*E62 -> 1015 | I62: 1 | J62: Clab | K62: 50 | L62: 0.5 | M62: =L62*E62 -> 3.5 | N62: =M62*K62 -> 175 | O62: =(H62+N62)/E62 -> 170 | P62: =O62*E62 -> 1190
A64: PROJECT ID: JACKSON MEMORIAL HOSPITAL ED EXPANSION AND RENOVATION | J64: CLIENT'S INFORMATION:
A65: ADDRESS: 1611 NW 12TH AVE. MIAMI, FL 33136 | J65: CONTACT:
J66: E-MAIL ADDRESS:
A67: SCOPE: Specialties | J67: PHONE NUMBER:
J68: Date: | K68: =TODAY() -> 46151
A69: ITEM # | B69: DESCRIPTION | C69: QUANTITY | D69: WASTAGE | E69: QTY W/WASTAGE | F69: UNIT | G69: MAT COST | H69: TOTAL MAT COST | I69: NO. OF LABORS | J69: TYPE OF LABOR | K69: PER HOUR LABOR WAGE | L69: LABOR FACTOR | M69: TOTAL LABOR HOURS | N69: TOTAL LABOR COST | O69: UNIT COST | P69: TOTAL COST | Q69: TRADE COST
B70: GENERAL REQUIREMENTS
A71: =IF(C71=0,"",1+MAX(A$9:A62)) -> 41 | B71: Tag: TA-3 _x000D_ Description: Toilet Tissue Dispenser _x000D_ Manufacture: Bobrick _x000D_ Model: B-357 | C71: 6 | D71: 0 | E71: =(1+D71)*C71 -> 6 | F71: EA | G71: 65 | H71: =G71*E71 -> 390 | I71: 1 | J71: Clab | K71: 50 | L71: 0.5 | M71: =L71*E71 -> 3 | N71: =M71*K71 -> 150 | O71: =(H71+N71)/E71 -> 90 | P71: =O71*E71 -> 540
A72: =IF(C72=0,"",1+MAX(A$9:A71)) -> 42 | B72: Tag: TA-3 _x000D_ Description: Santary Napkin Dispenser _x000D_ Manufacture: Bobrick _x000D_ Model: B-357 | C72: 6 | D72: 0 | E72: =(1+D72)*C72 -> 6 | F72: EA | G72: 75 | H72: =G72*E72 -> 450 | I72: 1 | J72: Clab | K72: 50 | L72: 0.5 | M72: =L72*E72 -> 3 | N72: =M72*K72 -> 150 | O72: =(H72+N72)/E72 -> 100 | P72: =O72*E72 -> 600
A73: =IF(C73=0,"",1+MAX(A$9:A72)) -> 43 | B73: Tag: TA-3 _x000D_ Description: Partition Mounted Seat Cover _x000D_ Manufacture: Bobrick _x000D_ Model: B-357 | C73: 6 | D73: 0 | E73: =(1+D73)*C73 -> 6 | F73: EA | G73: 109 | H73: =G73*E73 -> 654 | I73: 1 | J73: Clab | K73: 50 | L73: 0.5 | M73: =L73*E73 -> 3 | N73: =M73*K73 -> 150 | O73: =(H73+N73)/E73 -> 134 | P73: =O73*E73 -> 804
A74: =IF(C74=0,"",1+MAX(A$9:A73)) -> 44 | B74: Tag: TA-18 _x000D_ Description: Toilet Tissue Dispenser _x000D_ Manufacture: Bobrick _x000D_ Model: B-30919 | C74: 6 | D74: 0 | E74: =(1+D74)*C74 -> 6 | F74: EA | G74: 65 | H74: =G74*E74 -> 390 | I74: 1 | J74: Clab | K74: 50 | L74: 0.5 | M74: =L74*E74 -> 3 | N74: =M74*K74 -> 150 | O74: =(H74+N74)/E74 -> 90 | P74: =O74*E74 -> 540
A75: =IF(C75=0,"",1+MAX(A$9:A74)) -> 45 | B75: Tag: TA-18 _x000D_ Description: Surface Mounted Seat Cover_x000D_ Manufacture: Bobrick _x000D_ Model: B-30919 | C75: 6 | D75: 0 | E75: =(1+D75)*C75 -> 6 | F75: EA | G75: 109 | H75: =G75*E75 -> 654 | I75: 1 | J75: Clab | K75: 50 | L75: 0.5 | M75: =L75*E75 -> 3 | N75: =M75*K75 -> 150 | O75: =(H75+N75)/E75 -> 134 | P75: =O75*E75 -> 804
A76: =IF(C76=0,"",1+MAX(A$9:A75)) -> 46 | B76: Tag: TA-18 _x000D_ Description: Sanitary Napkin Dispenser _x000D_ Manufacture: Bobrick _x000D_ Model: B-30919 | C76: 6 | D76: 0 | E76: =(1+D76)*C76 -> 6 | F76: EA | G76: 75 | H76: =G76*E76 -> 450 | I76: 1 | J76: Clab | K76: 50 | L76: 0.5 | M76: =L76*E76 -> 3 | N76: =M76*K76 -> 150 | O76: =(H76+N76)/E76 -> 100 | P76: =O76*E76 -> 600
A77: =IF(C77=0,"",1+MAX(A$9:A76)) -> 47 | B77: Tag: TA-17 _x000D_ Description: Mirror With SS Frame _x000D_ Manufacture: Bobrick _x000D_ Model: B-165-2448 | C77: 1 | D77: 0 | E77: =(1+D77)*C77 -> 1 | F77: EA | G77: 225 | H77: =G77*E77 -> 225 | I77: 1 | J77: Clab | K77: 50 | L77: 1.3 | M77: =L77*E77 -> 1.3 | N77: =M77*K77 -> 65 | O77: =(H77+N77)/E77 -> 290 | P77: =O77*E77 -> 290
A78: =IF(C78=0,"",1+MAX(A$9:A77)) -> 48 | B78: Tag: TA-14 _x000D_ Description: 17'-10" x 6'-8" Mirror _x000D_ Manufacture: Bathroom Plate Mirror | C78: 2 | D78: 0 | E78: =(1+D78)*C78 -> 2 | F78: EA | G78: 1350 | H78: =G78*E78 -> 2700 | I78: 1 | J78: Clab | K78: 50 | L78: 5 | M78: =L78*E78 -> 10 | N78: =M78*K78 -> 500 | O78: =(H78+N78)/E78 -> 1600 | P78: =O78*E78 -> 3200
A79: =IF(C79=0,"",1+MAX(A$9:A78)) -> 49 | B79: Tag: TA-13 _x000D_ Description: Dual Napkin / Tampon Vendor _x000D_ Manufacture: Bobrick _x000D_ Model: B-37063C | C79: 1 | D79: 0 | E79: =(1+D79)*C79 -> 1 | F79: EA | G79: 75 | H79: =G79*E79 -> 75 | I79: 1 | J79: Clab | K79: 50 | L79: 0.5 | M79: =L79*E79 -> 0.5 | N79: =M79*K79 -> 25 | O79: =(H79+N79)/E79 -> 100 | P79: =O79*E79 -> 100
A80: =IF(C80=0,"",1+MAX(A$9:A79)) -> 50 | B80: Tag: TA-12 _x000D_ Description: Soap Dispenser _x000D_ Manufacture: Sloan _x000D_ Model: ESD-200-CP | C80: 12 | D80: 0 | E80: =(1+D80)*C80 -> 12 | F80: EA | G80: 74 | H80: =G80*E80 -> 888 | I80: 1 | J80: Clab | K80: 50 | L80: 0.5 | M80: =L80*E80 -> 6 | N80: =M80*K80 -> 300 | O80: =(H80+N80)/E80 -> 99 | P80: =O80*E80 -> 1188
A81: =IF(C81=0,"",1+MAX(A$9:A80)) -> 51 | B81: Tag: TA-10 _x000D_ Description: Hand Dryer _x000D_ Manufacture: Dyson-Airblade V _x000D_ Model: AB12 Nickel -301827-01 | C81: 4 | D81: 0 | E81: =(1+D81)*C81 -> 4 | F81: EA | G81: 360 | H81: =G81*E81 -> 1440 | I81: 1 | J81: Clab | K81: 50 | L81: 1 | M81: =L81*E81 -> 4 | N81: =M81*K81 -> 200 | O81: =(H81+N81)/E81 -> 410 | P81: =O81*E81 -> 1640
A82: =IF(C82=0,"",1+MAX(A$9:A81)) -> 52 | B82: Tag: TA-1 _x000D_ Description: 42" Grab Bar _x000D_ Manufacture: Bobrick _x000D_ Model: B8506-42 / B5806-36 | C82: 2 | D82: 0 | E82: =(1+D82)*C82 -> 2 | F82: EA | G82: 74 | H82: =G82*E82 -> 148 | I82: 1 | J82: Clab | K82: 50 | L82: 0.5 | M82: =L82*E82 -> 1 | N82: =M82*K82 -> 50 | O82: =(H82+N82)/E82 -> 99 | P82: =O82*E82 -> 198
A83: =IF(C83=0,"",1+MAX(A$9:A82)) -> 53 | B83: Tag: TA-1 _x000D_ Description: 36" Grab Bar _x000D_ Manufacture: Bobrick _x000D_ Model: B8506-42 / B5806-36 | C83: 2 | D83: 0 | E83: =(1+D83)*C83 -> 2 | F83: EA | G83: 62 | H83: =G83*E83 -> 124 | I83: 1 | J83: Clab | K83: 50 | L83: 0.5 | M83: =L83*E83 -> 1 | N83: =M83*K83 -> 50 | O83: =(H83+N83)/E83 -> 87 | P83: =O83*E83 -> 174
A84: =IF(C84=0,"",1+MAX(A$9:A83)) -> 54 | B84: Tag: TA-1 _x000D_ Description: 18" Vertical Grab Bar _x000D_ Manufacture: Bobrick _x000D_ Model: B8506-42 / B5806-36 | C84: 2 | D84: 0 | E84: =(1+D84)*C84 -> 2 | F84: EA | G84: 50 | H84: =G84*E84 -> 100 | I84: 1 | J84: Clab | K84: 50 | L84: 0.5 | M84: =L84*E84 -> 1 | N84: =M84*K84 -> 50 | O84: =(H84+N84)/E84 -> 75 | P84: =O84*E84 -> 150
A85: =IF(C85=0,"",1+MAX(A$9:A84)) | B85: Third Floor
A86: =IF(C86=0,"",1+MAX(A$9:A85)) -> 55 | B86: Tag: TA-9 _x000D_ Description: 2'-2" x 3'-0" Tilt Mirror With SS Frame _x000D_ Manufacture: Bobrick _x000D_ Model: B-293-2436 | C86: 2 | D86: 0 | E86: =(1+D86)*C86 -> 2 | F86: EA | G86: 300 | H86: =G86*E86 -> 600 | I86: 1 | J86: Clab | K86: 50 | L86: 1.3 | M86: =L86*E86 -> 2.6 | N86: =M86*K86 -> 130 | O86: =(H86+N86)/E86 -> 365 | P86: =O86*E86 -> 730
A88: PROJECT ID: JACKSON MEMORIAL HOSPITAL ED EXPANSION AND RENOVATION | J88: CLIENT'S INFORMATION:
A89: ADDRESS: 1611 NW 12TH AVE. MIAMI, FL 33136 | J89: CONTACT:
J90: E-MAIL ADDRESS:
A91: SCOPE: Specialties | J91: PHONE NUMBER:
J92: Date: | K92: =TODAY() -> 46151
A93: ITEM # | B93: DESCRIPTION | C93: QUANTITY | D93: WASTAGE | E93: QTY W/WASTAGE | F93: UNIT | G93: MAT COST | H93: TOTAL MAT COST | I93: NO. OF LABORS | J93: TYPE OF LABOR | K93: PER HOUR LABOR WAGE | L93: LABOR FACTOR | M93: TOTAL LABOR HOURS | N93: TOTAL LABOR COST | O93: UNIT COST | P93: TOTAL COST | Q93: TRADE COST
B94: GENERAL REQUIREMENTS
A95: =IF(C95=0,"",1+MAX(A$9:A86)) -> 56 | B95: Tag: TA-8 _x000D_ Description: Coat Hook _x000D_ Manufacture: Bobrick _x000D_ Model: B-542 | C95: 2 | D95: 0 | E95: =(1+D95)*C95 -> 2 | F95: EA | G95: 16 | H95: =G95*E95 -> 32 | I95: 1 | J95: Clab | K95: 50 | L95: 0.23 | M95: =L95*E95 -> 0.46 | N95: =M95*K95 -> 23 | O95: =(H95+N95)/E95 -> 27.5 | P95: =O95*E95 -> 55
A96: =IF(C96=0,"",1+MAX(A$9:A95)) -> 57 | B96: Tag: TA-6 _x000D_ Description: Semi-Recessed Paper Towel Dispenser / Waste Receptacle _x000D_ Manufacture: Bobrick _x000D_ Model: B-3942 | C96: 6 | D96: 0 | E96: =(1+D96)*C96 -> 6 | F96: EA | G96: 145 | H96: =G96*E96 -> 870 | I96: 1 | J96: Clab | K96: 50 | L96: 0.5 | M96: =L96*E96 -> 3 | N96: =M96*K96 -> 150 | O96: =(H96+N96)/E96 -> 170 | P96: =O96*E96 -> 1020
A97: =IF(C97=0,"",1+MAX(A$9:A96)) -> 58 | B97: Tag: TA-5 _x000D_ Description: Call For Assistance Kit _x000D_ Manufacture: Edwards Signals _x000D_ Model: 7008B-N5 | C97: 2 | D97: 0 | E97: =(1+D97)*C97 -> 2 | F97: EA | G97: 65 | H97: =G97*E97 -> 130 | I97: 1 | J97: Clab | K97: 50 | L97: 0.5 | M97: =L97*E97 -> 1 | N97: =M97*K97 -> 50 | O97: =(H97+N97)/E97 -> 90 | P97: =O97*E97 -> 180
A98: =IF(C98=0,"",1+MAX(A$9:A97)) -> 59 | B98: Tag: TA-3 _x000D_ Description: Toilet Tissue Dispenser _x000D_ Manufacture: Bobrick _x000D_ Model: B-357 | C98: 6 | D98: 0 | E98: =(1+D98)*C98 -> 6 | F98: EA | G98: 65 | H98: =G98*E98 -> 390 | I98: 1 | J98: Clab | K98: 50 | L98: 0.5 | M98: =L98*E98 -> 3 | N98: =M98*K98 -> 150 | O98: =(H98+N98)/E98 -> 90 | P98: =O98*E98 -> 540
A99: =IF(C99=0,"",1+MAX(A$9:A98)) -> 60 | B99: Tag: TA-3 _x000D_ Description: Sanitary Napkin Dispenser _x000D_ Manufacture: Bobrick _x000D_ Model: B-357 | C99: 6 | D99: 0 | E99: =(1+D99)*C99 -> 6 | F99: EA | G99: 75 | H99: =G99*E99 -> 450 | I99: 1 | J99: Clab | K99: 50 | L99: 0.5 | M99: =L99*E99 -> 3 | N99: =M99*K99 -> 150 | O99: =(H99+N99)/E99 -> 100 | P99: =O99*E99 -> 600
A100: =IF(C100=0,"",1+MAX(A$9:A99)) -> 61 | B100: Tag: TA-3 _x000D_ Description: Partition Mounted Seat Cover _x000D_ Manufacture: Bobrick _x000D_ Model: B-357 | C100: 6 | D100: 0 | E100: =(1+D100)*C100 -> 6 | F100: EA | G100: 109 | H100: =G100*E100 -> 654 | I100: 1 | J100: Clab | K100: 50 | L100: 0.5 | M100: =L100*E100 -> 3 | N100: =M100*K100 -> 150 | O100: =(H100+N100)/E100 -> 134 | P100: =O100*E100 -> 804
A101: =IF(C101=0,"",1+MAX(A$9:A100)) -> 62 | B101: Tag: TA-2 _x000D_ Description: Toilet Tissue Dispenser _x000D_ Manufacture: Bobrick _x000D_ Model: B-347 | C101: 6 | D101: 0 | E101: =(1+D101)*C101 -> 6 | F101: EA | G101: 65 | H101: =G101*E101 -> 390 | I101: 1 | J101: Clab | K101: 50 | L101: 0.5 | M101: =L101*E101 -> 3 | N101: =M101*K101 -> 150 | O101: =(H101+N101)/E101 -> 90 | P101: =O101*E101 -> 540
A102: =IF(C102=0,"",1+MAX(A$9:A101)) -> 63 | B102: Tag: TA-2 _x000D_ Description: Partition Mounted Seat Cover _x000D_ Manufacture: Bobrick _x000D_ Model: B-347 | C102: 6 | D102: 0 | E102: =(1+D102)*C102 -> 6 | F102: EA | G102: 109 | H102: =G102*E102 -> 654 | I102: 1 | J102: Clab | K102: 50 | L102: 0.5 | M102: =L102*E102 -> 3 | N102: =M102*K102 -> 150 | O102: =(H102+N102)/E102 -> 134 | P102: =O102*E102 -> 804
A103: =IF(C103=0,"",1+MAX(A$9:A102)) -> 64 | B103: Tag: TA-18 _x000D_ Description: Toilet Tissue Dispenser _x000D_ Manufacture: Bobrick _x000D_ Model: B-30919 | C103: 4 | D103: 0 | E103: =(1+D103)*C103 -> 4 | F103: EA | G103: 65 | H103: =G103*E103 -> 260 | I103: 1 | J103: Clab | K103: 50 | L103: 0.5 | M103: =L103*E103 -> 2 | N103: =M103*K103 -> 100 | O103: =(H103+N103)/E103 -> 90 | P103: =O103*E103 -> 360
A104: =IF(C104=0,"",1+MAX(A$9:A103)) -> 65 | B104: Tag: TA-18 _x000D_ Description: Surface Mounted Seat Cover_x000D_ Manufacture: Bobrick _x000D_ Model: B-30919 | C104: 4 | D104: 0 | E104: =(1+D104)*C104 -> 4 | F104: EA | G104: 109 | H104: =G104*E104 -> 436 | I104: 1 | J104: Clab | K104: 50 | L104: 0.5 | M104: =L104*E104 -> 2 | N104: =M104*K104 -> 100 | O104: =(H104+N104)/E104 -> 134 | P104: =O104*E104 -> 536
A105: =IF(C105=0,"",1+MAX(A$9:A104)) -> 66 | B105: Tag: TA-18 _x000D_ Description: Sanitary Napkin Dispenser _x000D_ Manufacture: Bobrick _x000D_ Model: B-30919 | C105: 4 | D105: 0 | E105: =(1+D105)*C105 -> 4 | F105: EA | G105: 75 | H105: =G105*E105 -> 300 | I105: 1 | J105: Clab | K105: 50 | L105: 0.5 | M105: =L105*E105 -> 2 | N105: =M105*K105 -> 100 | O105: =(H105+N105)/E105 -> 100 | P105: =O105*E105 -> 400
A106: =IF(C106=0,"",1+MAX(A$9:A105)) -> 67 | B106: Tag: TA-17 _x000D_ Description: Mirror With SS Frame _x000D_ Manufacture: Bobrick _x000D_ Model: B-165-2448 | C106: 1 | D106: 0 | E106: =(1+D106)*C106 -> 1 | F106: EA | G106: 225 | H106: =G106*E106 -> 225 | I106: 1 | J106: Clab | K106: 50 | L106: 1.3 | M106: =L106*E106 -> 1.3 | N106: =M106*K106 -> 65 | O106: =(H106+N106)/E106 -> 290 | P106: =O106*E106 -> 290
...

Sheet SUMMARY DETAILS
C1: JACKSON MEMORIAL HOSPITAL ED EXPANSION AND RENOVATION
A2: ='Specilaist '!A2 -> PROJECT ID: JACKSON MEMORIAL HOSPITAL ED EXPANSION AND RENOVATION
A3: ='Specilaist '!A5 -> SCOPE: Specialties
A4: AREA SUMMARY:
A5: BUILDING GSF | B5: 179675
A6: No. of Floors: | B6: 2
A7: Date: | B7: =TODAY() -> 46151
A8: SUMMARY | B8: AMOUNT
A9: TOTAL PROJECT COST | B9: =E14 -> 161752.7
A10: TOTAL PROPOSED BID | B10: =E21 -> 210278.51
A11: DIVISION NO. | B11: DESCRIPTION | C11: TOTAL MAT COST | D11: TOTAL LABOR COST | E11: TOTAL COST | F11: COST/ SF
A12: Division 1 | B12: General Requirements | C12: ='Specilaist '!H19 -> 0 | D12: ='Specilaist '!N19 -> 0 | E12: ='Specilaist '!Q19 -> 0 | F12: =E12/$B$5 -> 0
A13: Division 10 | B13: Specialist | C13: ='Specilaist '!H172 -> 125531.2 | D13: ='Specilaist '!N172 -> 36221.5 | E13: ='Specilaist '!Q172 -> 161752.7 | F13: =E13/$B$5 -> 0.90025157
A14: TOTAL TRADE COST | C14: =SUM(C12:C13) -> 125531.2 | D14: =SUM(D12:D13) -> 36221.5 | E14: =SUM(E12:E13) -> 161752.7 | F14: =SUM(E14/$B$5) -> 0.90025157
A16: TOTAL TRADE COST | C16: =SUM(C14:C15) -> 125531.2 | D16: =SUM(D14:D15) -> 36221.5 | E16: =SUM(E14:E15) -> 161752.7 | F16: =SUM(E16/$B$5) -> 0.90025157
A17: SUBTOTAL | E17: =E16 -> 161752.7
A18: OVERHEADS & PROFITS | C18: 0.2 | E18: =C18*E16 -> 32350.54
A19: INSURANCES | C19: 0.03 | E19: =C19*E16 -> 4852.581
A20: CONTIGENCY | C20: 0.07 | E20: =C20*E16 -> 11322.689
A21: TOTAL BASE BID | E21: =SUM(E17:E20) -> 210278.51
A22: 1. This estimate is based on real market prices that are regularly updated by our team persons through market surveys and online resources, we still encourage our clients to put their own.
A23: 2. This sheet is your property and we encourage you to fine tune the wastage and pricing values to your preference.
A24: 3. Feel free to contact us for any queries or suggestions.
